 Dungeon Crawl Stone Soup version 0.30.0-29-ga12c61a403 (webtiles) character file.

Game seed: 8450041886549053190

135 cdecastro the Shooter (level 4, -6/40 HPs)
             Began as a Minotaur Hunter on June 19, 2023.
             Mangled by an iguana (9 damage)
             ... on level 3 of the Dungeon.
             The game lasted 00:03:36 (2816 turns).

cdecastro the Shooter (Minotaur Hunter)             Turns: 2816, Time: 00:03:37

Health: -6/40      AC:  3    Str: 24    XL:     4   Next: 97%
Magic:  3/3        EV: 12    Int:  6    God:
Gold:   212        SH:  0    Dex: 13    Spells: 3/3 levels left

rFire   . . .        a - +0 shortbow
rCold   . . .        (shield currently unavailable)
rNeg    . . .        c - +0 leather armour
rPois   .            (helmet restricted)
rElec   .            (no cloak)
rCorr   .            (no gloves)
SInv    .            (no boots)
Will    .....        (no amulet)
Stlth   +            h - +6 ring of strength
HPRegen 0.26/turn    (no ring)
MPRegen 0.08/turn

%: no passive effects
@: no status effects
A: horns 2, retaliatory headbutt
a: no special abilities


You were on level 3 of the Dungeon.
You visited 1 branch of the dungeon, and saw 4 of its levels.

You collected 212 gold pieces.

Inventory:

Hand Weapons
 a - a +0 shortbow (weapon)
Armour
 c - a +0 leather armour (worn)
Jewellery
 h - a +6 ring of strength (left hand)
 j - a ring of protection from fire
Wands
 n - a wand of mindburst (9)
 p - a wand of paralysis (6)
Scrolls
 b - 2 scrolls of immolation
 f - a scroll of fog {unknown}
 g - a scroll of blinking {unknown}
 i - a scroll of brand weapon {unknown}
 k - a scroll of fear {unknown}
 l - 4 scrolls of identify {unknown}
 o - a scroll of enchant armour {unknown}
 q - 2 scrolls of noise {unknown}
Potions
 d - 2 potions of heal wounds {unknown}
 e - a potion of flight {unknown}
 m - a potion of attraction {unknown}


   Skills:
 + Level 4.1 Fighting
 * Level 6.2 Ranged Weapons
 - Level 2.1 Dodging
 - Level 0.7 Stealth


You had 3 spell levels left.
You didn't know any spells.
Your spell library contained the following spells:

 Spells                   Type           Power      Damage    Failure   Level
 Magic Dart               Conj           0%         1d3       50%         1
 Sandblast                Erth           0%         2d4       50%         1
 Call Imp                 Summ           0%         N/A       65%         2
 Passwall                 Tmut/Erth      0%         N/A       65%         2
 Mephitic Cloud           Conj/Pois/Air  0%         N/A       86%         3
 Stone Arrow              Conj/Erth      0%         3d7       86%         3


Dungeon Overview and Level Annotations

Branches:
Dungeon (4/15)
 Temple: D:4-7

Altars:

Annotations:
D:1 2 runed translucent doors
D:4 Sigmund


Innate Abilities, Weirdness & Mutations

You have a pair of horns on your head.
You reflexively headbutt those who attack you in melee.


Message History

Unknown command.
You feel sick. The iguana bites you.
You feel sick. The iguana misses you. The adder closely misses you.
The iguana attacks as you move away! The iguana completely misses you.
You feel sick.
You feel sick.
Fire: a) +0 shortbow
Press: ? - help, Q - select action, (/) - cycle Shift-Dir - straight line, f - iguana
Aim: an iguana (66% to hit)
You shoot an arrow. The arrow hits the iguana!
The iguana is heavily wounded.
You feel sick.
You are no longer poisoned.
The iguana bites you.
* * * LOW HITPOINT WARNING * * *
The iguana bites you!
* * * LOW HITPOINT WARNING * * *
Fire: a) +0 shortbow
Press: ? - help, Q - select action, (/) - cycle Shift-Dir - straight line, f/p - iguana
Aim: an iguana (moderately wounded, 66% to hit)
You shoot an arrow. The arrow barely misses the iguana.
The arrow hits the adder but does no damage.
The iguana bites you.
* * * LOW HITPOINT WARNING * * *
Fire: a) +0 shortbow
Press: ? - help, Q - select action, (/) - cycle Shift-Dir - straight line, f/p - iguana
Aim: an iguana (moderately wounded, 66% to hit)
You shoot an arrow. The arrow hits the iguana.
The iguana is heavily wounded.
The iguana closely misses you.
Okay, then.
Unknown command.
Fire: a) +0 shortbow
Press: ? - help, Q - select action, (/) - cycle Shift-Dir - straight line, f/p - iguana
Aim: an iguana (heavily wounded, 66% to hit)
You shoot an arrow.
The arrow hits the iguana but does no damage.
The iguana is heavily wounded.
The iguana bites you!
You die...

#####.# ......# #####.# # #.#
############ #
#.######.....[....# #
#.....<#.########.#
############.# #....#.#
.............# #.##.#.###########
################@##.#.#..........
...............#l#...............
#######.#.##.###S##.#............
..# #.#.##........#............
#.# #.#.######>...#............
#.# #.#.#..........(####.......
#.# #...............####.......
#.#######.#.####.##.....##.......
#.................#..............


You could see an iguana and an adder.

Vanquished Creatures
  A hound (D:3)
  3 gnolls
  2 adders (D:2)
  An ufetubus (D:4)
  A worm (D:1)
  A dart slug (D:2)
  4 orcs
  3 endoplasms (D:2)
  3 giant cockroaches (D:1)
  3 goblins
  6 jackals
  2 kobolds
  A quokka (D:4)
  4 ball pythons
  4 bats
  2 frilled lizards
  4 rats
45 creatures vanquished.

Notes
Turn   | Place    | Note
-------+----------+-------------------------------------------
     0 | D:1      | cdecastro the Minotaur Hunter began the quest for the Orb.
     0 | D:1      | Reached XP level 1. HP: 18/18 MP: 0/0
    55 | D:1      | Found a large runed translucent door.
    55 | D:1      | Found a large runed translucent door.
   639 | D:1      | Reached XP level 2. HP: 25/25 MP: 1/1
  1206 | D:2      | Reached skill level 5 in Ranged Weapons
  1222 | D:2      | Found a faded altar of an unknown god.
  1248 | D:2      | Reached XP level 3. HP: 28/31 MP: 2/2
  1688 | D:2      | Reached XP level 4. HP: 39/39 MP: 3/3
  2689 | D:3      | Reached skill level 6 in Ranged Weapons
  2742 | D:4      | Noticed an ogre
  2807 | D:4      | Noticed Sigmund
  2814 | D:3      | HP: 2/40 [iguana (2)]
  2816 | D:3      | Mangled by an iguana

Illustrated notes

Levels and vault maps discovered:
D:1:      erik_arrival_cave_to_civilisation [erik_arrival_cave_to_temple],
          layout_basic
D:2:      layout_rooms, shapermc_ecumenical_altar_venn
D:3:      layout_basic, grunt_decor_clamped
D:4:      cheibrodos_helix_gallery, layout_rooms, ebering_ghost_rock_garden,
          uniq_sigmund

Skill      XL: |  1  2  3  4 |
---------------+-------------+-----
Fighting       | 3 4 |  4.1
Ranged Weapons | 5 6 |  6.2
Dodging        | |  2.1
Stealth        | |  0.7

Action                     |  1- 3 |  4- 6 || total
---------------------------+-------+-------++-------
   Fire: Shortbow          |    93 |    31 ||   124
 Armour: Leather armour    |    11 |     1 ||    12
  Dodge: Dodged            |    38 |    11 ||    49
